 Dungeon Crawl Stone Soup version 0.30-a0-373-gd37427bb62 (webtiles) character file.

Game seed: 7675685303403244764

50 purpskrrrp the Trooper (level 3, -4/29 HPs)
             Began as a Demonspawn Chaos Knight on Nov 25, 2022.
             Was a Plaything of Xom.
             Slain by a gnoll
             ... wielding a +0 flail
              (5 damage)
             ... on level 3 of the Dungeon.
             The game lasted 00:02:12 (1744 turns).

purpskrrrp the Trooper (Demonspawn Chaos Knight)    Turns: 1744, Time: 00:02:13

Health: -4/29      AC:  6    Str: 14    XL:     3   Next: 55%
Magic:  3/3        EV: 11    Int: 13    God:    Xom [..*...]
Gold:   78         SH:  0    Dex: 12    Spells: 2/2 levels left

rFire   . . .      SeeInvis .    a - +1 hand axe (chaos)
rCold   . . .      Faith    .    (no shield)
rNeg    . . .      Spirit   .    b - +2 leather armour
rPois   .          Reflect  .    l - +0 helmet
rElec   .          Harm     .    (no cloak)
rCorr   .          Rampage  .    (no gloves)
Will    .....                    (no boots)
Stlth   +.........               (no amulet)
HPRegen 0.24/turn                (no ring)
MPRegen 0.08/turn                (no ring)

@: no status effects
A: claws 1, demonic magic 1
a: Renounce Religion


You were on level 3 of the Dungeon.
You worshipped Xom.
You were a toy of Xom.
You visited 1 branch of the dungeon, and saw 3 of its levels.

You collected 78 gold pieces.

Inventory:

Hand Weapons
 a - a +1 hand axe of chaos (weapon)
Armour
 b - a +2 leather armour (worn)
 l - a +0 helmet (worn)
Jewellery
 g - a ring of protection from cold
 n - an amulet of faith
Scrolls
 e - 6 scrolls of teleportation {unknown}
 i - a scroll of identify {unknown}
Potions
 j - 2 potions of curing {unknown}
 k - a potion of brilliance {unknown}
 m - a potion of flight {unknown}
Miscellaneous
 c - a piece from Xom's chessboard (15/15)


   Skills:
 + Level 3.3 Fighting
 * Level 3.3 Axes
 + Level 2.2 Armour
 + Level 1.5 Dodging


You had 2 spell levels left.
You didn't know any spells.
Your spell library contained the following spells:

 Spells                   Type           Power      Damage    Failure   Level
 Spider Form              Tmut/Pois      0%         N/A       75%         3
 Olgreb's Toxic Radiance  Pois           0%         N/A       98%         4
 Summon Lightning Spire   Summ/Air       0%         N/A       98%         4
 Storm Form               Tmut/Air       0%         N/A       100%        7


Dungeon Overview and Level Annotations

Branches:
Dungeon (3/15)

Altars:

Shops:
D:2 :


Innate Abilities, Weirdness & Mutations

You have sharp fingernails.
Spells you cast may paralyse adjacent enemies.


Message History

You are too injured to fight recklessly!
You are too injured to fight recklessly!
You are too injured to fight recklessly!
You are too injured to fight recklessly!
You are too injured to fight recklessly!
You are too injured to fight recklessly!
You are too injured to fight recklessly!
You are too injured to fight recklessly!
You are too injured to fight recklessly!
You are too injured to fight recklessly!
You are too injured to fight recklessly!
Okay, then.
There is a stone staircase leading up here.
Okay, then.
As you read the scroll labelled UTHRUE NALOTTOI, it crumbles to dust.
You hear a loud clanging noise!
It was a scroll of noise.
You hear an angry hiss.
You hear a shout! x2
You kill the gnoll!
The gnoll closely misses you. x3
As you read the scroll labelled VURUYS YDWOKAC, it crumbles to dust.
It is a scroll of enchant weapon.
Your +0 hand axe of chaos glows red for a moment.
The gnoll closely misses you.
The gnoll hits you from afar with a +0 spear.
* * * LOW HITPOINT WARNING * * *
The gnoll hits you with a +0 flail.
You die... "Just one more try."
Xom revives you!
Unknown command.
The gnoll hits you but does no damage.
As you read the scroll labelled XATUAPHUJAD, it crumbles to dust.
Your body is wracked with pain!
* * * LOW HITPOINT WARNING * * *
The gnoll convulses! x3; It was a scroll of torment.
The gnoll barely misses you. The gnoll hits you with a +0 club.
* * * LOW HITPOINT WARNING * * *
The gnoll hits you with a +0 flail.
You die...

### .. #####.###
#.......# #
#.......#
##.##.......#
.#.....ggg...##
.......@........
.#..##..........
#. #......#...
#......# .#
######## #


You could see 3 gnolls.

Vanquished Creatures
  A gnoll (D:3)
  2 adders (D:2)
  A dart slug (D:2)
  An endoplasm (D:2)
  A giant cockroach (D:2)
  A goblin (D:1)
  2 hobgoblins
  A quokka (D:2)
  3 ball pythons
  2 bats (D:1)
  3 kobolds
  5 rats
23 creatures vanquished.

Notes
Turn   | Place    | Note
-------+----------+-------------------------------------------
     0 | D:1      | purpskrrrp the Demonspawn Chaos Knight began the quest for
                  | the Orb.
     0 | D:1      | Reached XP level 1. HP: 18/18 MP: 1/1
    71 | D:1      | XOM: silly message
   130 | D:1      | Reached skill level 1 in Dodging
   175 | D:1      | XOM: silly message
   288 | D:1      | Found a faded altar of an unknown god.
   514 | D:1      | XOM: silly message
   542 | D:1      | XOM: noise
   546 | D:1      | Gained mutation: You have sharp fingernails. [demonic
                  | ancestry]
   546 | D:1      | Reached XP level 2. HP: 20/24 MP: 2/2
  1061 | D:2      | XOM: noise
  1093 | D:2      | XOM: noise
  1097 | D:2      | Got Unuxtu's Anthology of Vapourous Contamination
  1417 | D:2      | Found Kemun's Vocational Training.
  1426 | D:2      | Gained mutation: Spells you cast may paralyse adjacent
                  | enemies. [demonic ancestry]
  1426 | D:2      | Reached XP level 3. HP: 20/29 MP: 3/3
  1491 | D:2      | XOM: noise
  1732 | D:3      | XOM: noise
  1742 | D:3      | Xom revived you
  1744 | D:3      | HP: 1/29 [gnoll/+0 club (2)]
  1744 | D:3      | Slain by a gnoll

Illustrated notes

Levels and vault maps discovered:
D:1:      evilmike_arrival_hilbert_curve, layout_basic,
          dreamdust_ecumenical_altar_statues
D:2:      layout_basic, st_stairs_12, nicolae_shop_vocational
D:3:      layout_basic, lemuel_round_altar,
          wander_ebering_terrifying_dragon_lair

Skill      XL: |  1  2 |
---------------+-------+-----
Dodging        | 1 |  1.5
Axes           | 3 |  3.3
Armour         | 2 |  2.2
Fighting       | |  3.3

Action                   || total
-------------------------++-------
Melee: Hand axe          ||    73
       Punch             ||     1
Evoke: Piece from Xom's  ||     1
  Use: Scroll            ||     3
Armor: Leather armour    ||    30
Dodge: Dodged            ||    51

Table legend: (Time is in decaauts)
 A = Elapsed time spent in this place.
 B = Non-inter-level travel time spent in this place.
 C = Inter-level travel time spent in this place.
 D = Time resting spent in this place.
 E = Time spent auto-exploring this place.
 F = Levels seen in this place.
 G = Mean time per level.
                   A        B        C        D        E       F      G
               +--------+--------+--------+--------+--------+-----+--------+
         Total |   1754 |   1715 |     39 |      0 |   1510 |   3 |  584.7 |
       Dungeon |   1754 |   1715 |     39 |      0 |   1510 |   3 |  584.7 |
               +--------+--------+--------+--------+--------+-----+--------+

Top non-repeatable levels by time:
     D:1: 921 daAuts
     D:2: 820 daAuts
     D:3: 12 daAuts
